Map: Blackpink LE

Players

Knuckles - Winner!

  • Race: Protoss Protoss
  • League: Gold
  • Spawn Location: 7:00

Kozzy

  • Race: Protoss Protoss
  • League: Gold
  • Spawn Location: 1:00

VOD

Have the link to the VOD?

Description

Time

  • Played on: April 4, 2018, 1:33 a.m.
  • Length: 12:23
Show
View Real Time Build Order
Export as new Build Order

Knuckles Protoss - Winner!

Build Orders:  

Get SALT Encoding   

  12  0:01  Probe  
  13  0:13  Probe  
  14  0:19  Pylon  
  14  0:28  Probe  
  15  0:38  Forge  
  15  0:40  Probe  
  16  0:52  Probe  
  17  1:07  Pylon  
  16  1:19  Gateway  
  16  1:30  Photon Cannon  
  16  1:35  Gateway  
  16  1:41  Probe  
  16  1:42  Assimilator  
  16  1:44  Assimilator  
  17  1:53  Probe  
  17  2:00  Gateway  
  17  2:05  Probe (Chrono Boost)  
  19  2:16  Probe (Chrono Boost)  
  19  2:20  Cybernetics Core  
  19  2:21  Probe (Chrono Boost)  
  20  2:31  Probe  
  21  2:43  Probe  
  22  2:57  Warp Gate (Chrono Boost)  
  22  3:07  Pylon  
  22  3:23  Pylon  
  22  3:25  Stalker x3  
  28  3:40  Nexus  
  28  3:48  Probe  
  28  3:54  Stalker  
  31  4:07  Stalker  
  31  4:08  Protoss Ground Weapons Level 1 (Chrono Boost)  
  33  4:16  Pylon  
  33  4:23  Probe  
  34  4:35  Probe  
  35  4:38  Robotics Facility  
  35  4:47  Probe  
  36  4:59  Probe  
  37  5:01  Photon Cannon  
  37  5:06  Probe, Assimilator  
  38  5:12  Probe, Sentry x2  
  43  5:17  Stalker  
  45  5:31  Pylon  
  45  5:45  Pylon, Immortal  
  49  6:03  Gateway, Shield Battery  
  49  6:04  Shield Battery  
  49  6:06  Pylon  
  49  6:07  Probe x2  
  51  6:19  Probe, Protoss Ground Armor Level 1  
  50  6:30  Stalker x3  
  42  6:41  Probe x2  
  42  6:46  Immortal  
  48  6:51  Pylon  
  48  7:00  Probe x2  
  50  7:06  Robotics Facility  
  50  7:12  Twilight Council  
  50  7:14  Stalker  
  46  7:17  Zealot  
  42  7:23  Stalker  
  41  7:37  Photon Cannon  
  41  7:38  Stalker, Photon Cannon  
  43  7:53  Immortal  
  43  7:57  Immortal  
  51  8:04  Shield Battery  
  51  8:11  Probe  
  52  8:13  Stalker  
  52  8:14  Stalker  
  52  8:16  Zealot  
  58  8:30  Blink (Chrono Boost)  
  49  8:41  Probe (Chrono Boost)  
  47  8:42  Probe (Chrono Boost)  
  47  8:53  Probe (Chrono Boost)  
  49  8:58  Probe (Chrono Boost)  
  49  9:00  Probe (Chrono Boost)  
  49  9:01  Assimilator  
  50  9:03  Pylon  
  50  9:05  Pylon  
  50  9:07  Dark Shrine  
  50  9:19  Probe (Chrono Boost)  
  52  9:24  Probe (Chrono Boost)  
  52  9:29  Probe (Chrono Boost)  
  54  9:33  Probe (Chrono Boost), Immortal  
  54  9:34  Probe (Chrono Boost)  
  59  9:40  Stalker  
  59  9:43  Probe, Sentry  
  64  9:48  Observer  
  65  9:55  Probe  
  66  10:02  Stalker  
  66  10:03  Stalker  
  70  10:13  Immortal  
  74  10:32  Dark Templar  
  74  10:35  Stalker  
  78  10:36  Zealot  
  76  11:10  Stalker x3  
  82  11:17  Immortal  
  86  11:27  Pylon  
  86  11:29  Pylon  
  88  11:56  Pylon  
  86  12:15  Pylon  
  84  12:16  Stalker  
  84  12:17  Stalker x2  
Show
View Real Time Build Order
Export as new Build Order

Kozzy Protoss 

Build Orders:  

Get SALT Encoding   

  12  0:02  Probe  
  13  0:14  Probe  
  13  0:18  Pylon  
  14  0:26  Probe  
  15  0:38  Gateway  
  15  0:39  Probe (Chrono Boost)  
  17  0:51  Probe (Chrono Boost)  
  17  0:57  Probe (Chrono Boost)  
  18  1:08  Assimilator  
  18  1:10  Assimilator  
  18  1:15  Probe (Chrono Boost)  
  19  1:19  Pylon  
  19  1:25  Probe (Chrono Boost)  
  20  1:35  Pylon  
  20  1:55  Cybernetics Core  
  20  1:56  Probe, Pylon  
  21  2:08  Probe  
  22  2:20  Gateway  
  22  2:33  Stalker (Chrono Boost), Shield Battery  
  24  2:39  Warp Gate  
  24  2:50  Forge  
  24  2:58  Stalker  
  26  3:10  Pylon  
  26  3:31  Photon Cannon  
  26  3:42  Stalker x2  
  26  3:44  Protoss Ground Weapons Level 1 (Chrono Boost)  
  30  3:54  Pylon  
  30  4:00  Shield Battery  
  28  4:12  Stalker  
  28  4:16  Stalker  
  32  4:26  Gateway  
  32  4:35  Pylon  
  32  5:03  Pylon, Gateway  
  32  5:07  Stalker  
  32  5:10  Stalker  
  36  5:36  Twilight Council  
  36  5:53  Stalker x3  
  42  6:00  Stalker  
  44  6:15  Blink (Chrono Boost)  
  40  6:39  Stalker x3  
  40  6:48  Shield Battery  
  40  6:56  Stalker  
  34  7:37  Stalker x4  
  42  8:03  Stalker x3  
  42  8:04  Stalker  
  26  8:43  Stalker x4  
  26  8:45  Protoss Ground Weapons Level 2 (Chrono Boost)  
  30  9:07  Stalker x3  
  36  9:16  Stalker  
  38  9:37  Stalker x2  
  40  9:51  Stalker  
  38  10:28  Nexus  
  38  10:38  Probe (Chrono Boost)  
  40  10:50  Probe (Chrono Boost)  
  40  10:56  Stalker  
  36  10:58  Probe (Chrono Boost)  
  37  11:08  Stalker  
  39  11:36  Photon Cannon  
  39  11:39  Shield Battery  
  39  11:50  Stalker  
  29  12:04  Stalker  
  29  12:05  Stalker  
Tags
 
League
GoldGold
Matchup
PvP
Spawn Locations
Cross Positions
Add a new tag
Caveats
  • Supply blocks, unpowered buildings, or Contaminate may cause inaccurate times.
  • Supply counts are checked every 10 seconds.